 Dungeon Crawl Stone Soup version 0.30-a0-800-g7c544603b3 (webtiles) character file.

Game seed: 1010547647153072239

1222 Newt the Trooper (level 8, -3/62 HPs)
             Began as a Demonspawn Gladiator on Feb 22, 2023.
             Slain by Pikel
             ... wielding a +2 whip of freezing
              (10 damage)
             ... on level 6 of the Dungeon.
             The game lasted 00:06:23 (5984 turns).

Newt the Trooper (Demonspawn Gladiator)             Turns: 5984, Time: 00:06:24

Health: -3/62      AC:  6    Str: 16    XL:     8   Next: 23%
Magic:  8/8        EV: 13    Int: 16    God:
Gold:   242        SH:  0    Dex: 15    Spells: 7/7 levels left

rFire   + . .      SeeInvis .    s - +2 club (spect)
rCold   + . .      Faith    .    (no shield)
rNeg    . . .      Spirit   .    x - +2 robe {rC+ rF+}
rPois   .          Reflect  .    c - +0 helmet
rElec   .          Harm     .    (no cloak)
rCorr   .          Rampage  .    p - +0 pair of gloves
Will    .....                    (no boots)
Stlth   +                        (no amulet)
HPRegen 0.30/turn                h - +6 ring of intelligence
MPRegen 0.11/turn                (no ring)

@: no status effects
A: demonic guardian 2, demonic magic 1, weakness stinger 1
a: no special abilities


You were on level 6 of the Dungeon.
You visited 2 branches of the dungeon, and saw 7 of its levels.

You collected 242 gold pieces.

Inventory:

Hand Weapons
 a - a +0 rapier
 s - a +2 spectral club (weapon)
Missiles
 e - a javelin
 l - 10 poisoned darts (quivered)
 o - 7 boomerangs
Armour
 b - a +0 leather armour
 c - a +0 helmet (worn)
 p - a +0 pair of gloves (worn)
 x - a +2 robe of resistance (worn)
Jewellery
 g - a ring of fire
 h - a +6 ring of intelligence (left hand)
 u - an amulet of reflection
Wands
 d - a wand of mindburst (12)
 q - a wand of charming (4)
Scrolls
 i - a scroll of magic mapping
 n - a scroll of vulnerability
 t - a scroll of teleportation
Potions
 f - a potion of lignification
 j - a potion of flight
 k - a potion of curing
 m - a potion of cancellation
 r - a potion of degeneration {unknown}
 v - a potion of resistance {unknown}
 w - a potion of mutation {unknown}


   Skills:
 - Level 5.0 Fighting
 - Level 4.0 Short Blades
 + Level 3.3 Maces & Flails
 - Level 5.0 Throwing
 - Level 3.0 Armour
 - Level 4.0 Dodging


You had 7 spell levels left.
You didn't know any spells.
Your spell library contained the following spells:

 Spells                   Type           Power      Damage    Failure   Level
 Freeze                   Ice            0%         1d3       26%         1
 Magic Dart               Conj           0%         1d3       26%         1
 Call Imp                 Summ           0%         N/A       36%         2
 Frozen Ramparts          Ice            0%         1d1       58%         3
 Hailstorm                Conj/Ice       0%         3d3       58%         3
 Mephitic Cloud           Conj/Pois/Air  0%         N/A       58%         3


Dungeon Overview and Level Annotations

Branches:
Dungeon (6/15)             Temple (1/1) D:4

Altars:
Ashenzari
Cheibriados
Dithmenos
Hepliaklqana
Kikubaaqudgha
Makhleb
Nemelex Xobeh
Ru
Sif Muna
Vehumet
Wu Jian
Xom

Shops:
D:1 (![?[   D:5 =

Annotations:
D:6 Pikel


Innate Abilities, Weirdness & Mutations

A demonic guardian rushes to your aid.
Spells you cast may paralyse adjacent enemies.
You have a small tail.


Message History

Press: ? - help, Shift-Dir - straight line, f - Pikel
Aim: Pikel, wielding a +2 whip of freezing and wearing a +0 robe (moderately wounded, 56% to hit)
You throw a throwing net. The throwing net hits Pikel.
Pikel is caught in the net!
Pikel is moderately wounded.
You hit Pikel.
Pikel is heavily wounded.
Your +2 spectral club barely misses Pikel.
Pikel struggles against the net.
You catch the helpless Pikel completely off-guard!
You hit Pikel. You tail-slap Pikel, but do no damage.
Pikel is heavily wounded.
Your +2 spectral club hits Pikel but does no damage.
Pikel struggles against the net. x2
You catch the helpless Pikel completely off-guard!
You hit Pikel. You tail-slap Pikel.
Pikel is severely wounded.
Your +2 spectral club hits Pikel.
Pikel struggles against the net.
You hit Pikel but do no damage.
Pikel is severely wounded.
Your +2 spectral club hits Pikel but does no damage.
Pikel struggles against the net.
An orc comes into view. It is wielding a +0 mace.
The orc shouts!
You hit Pikel.
Pikel is severely wounded.
Your +2 spectral club hits Pikel.
You hear a shout!
Pikel struggles against the net.
The net rips apart, and Pikel comes free!
You hit Pikel but do no damage.
Pikel is almost dead.
Your +2 spectral club barely misses Pikel.
Pikel hits you with a +2 whip of freezing!
* * * LOW HITPOINT WARNING * * *
A demonic guardian appears!
Pikel freezes you.
* * * LOW HITPOINT WARNING * * *
A lemure comes into view.
Pikel hits you with a +2 whip of freezing!
You die...

.............#
#.##.##.######
#.##.##.######.
...............
#.##.##.######.
#.##.######.
#...........
##.##.##4####...
+......@.ยง..#
#..##.##K#### .
# #.# ... #.#.
#.#.# ... 5 #.#
#.


You could see Pikel (ally target), a lemure and a friendly hellwing (summoned).

Vanquished Creatures
  Sigmund (D:4)
  Menkaure (D:5)
  A sky beast (D:6)
  A black bear (D:5)
  2 lemures (D:6)
  Blork the orc (D:5)
  2 scorpions
  4 hounds
  2 orc priests (D:5)
  A gnoll bouda (D:6)
  A jelly (D:5)
  An iguana (D:5)
  An orc wizard (D:5)
  Ijyb (D:5)
  4 adders (D:2)
  7 gnolls
  2 worms (D:2)
  8 dart slugs
  14 orcs
  7 bats
  7 endoplasms
  A giant cockroach (D:1)
  7 goblins
  3 hobgoblins
  5 jackals
  5 kobolds
  A quokka (D:5)
  5 ball pythons
  5 frilled lizards
  2 rats (D:2)
103 creatures vanquished.

Vanquished Creatures (collateral kills)
  A jelly (D:6)
  A gnoll (D:6)
  A shadow imp (D:6)
  An endoplasm (D:2)
  A rat (D:2)
5 creatures vanquished.

Grand Total: 108 creatures vanquished

Notes
Turn   | Place    | Note
-------+----------+-------------------------------------------
     0 | D:1      | Newt the Demonspawn Gladiator began the quest for the Orb.
     0 | D:1      | Reached XP level 1. HP: 16/16 MP: 1/1
    22 | D:1      | Found Kaufuo's Distillery.
    87 | D:1      | Found Sajuset's Armour Shoppe.
   140 | D:1      | Found Duxug's Magic Scroll Emporium.
   176 | D:1      | Gained mutation: You have a small tail. [demonic ancestry]
   176 | D:1      | Reached XP level 2. HP: 23/23 MP: 2/2
   364 | D:1      | Found Vian's Weapon Shop.
   913 | D:1      | Found Liepuk's Armour Emporium.
  1017 | D:2      | Reached XP level 3. HP: 20/29 MP: 3/3
  1109 | D:2      | Gained mutation: A weak demonic guardian rushes to your
                  | aid. [demonic ancestry]
  1109 | D:2      | Reached XP level 4. HP: 14/38 MP: 4/4
  1794 | D:2      | Noticed a scorpion
  1821 | D:2      | Killed a scorpion
  1822 | D:2      | Reached skill level 5 in Fighting
  1822 | D:2      | Reached XP level 5. HP: 23/44 MP: 5/5
  2387 | D:3      | Found a faded altar of an unknown god.
  2594 | D:3      | Found a burning altar of Makhleb.
  2594 | D:3      | Noticed a green death
  2597 | D:3      | Noticed a hellwing
  2597 | D:3      | Noticed a neqoxec
  3226 | D:4      | Noticed Sigmund
  3274 | D:5      | Entered Level 5 of the Dungeon
  3413 | D:4      | Killed Sigmund
  3414 | D:4      | Reached XP level 6. HP: 45/51 MP: 6/6
  3727 | D:4      | Found a staircase to the Ecumenical Temple.
  3921 | Temple   | Entered the Ecumenical Temple
  4079 | D:5      | Noticed Menkaure
  4101 | D:5      | Killed Menkaure
  4102 | D:5      | Gained mutation: A demonic guardian rushes to your aid.
                  | [demonic ancestry]
  4102 | D:5      | Reached XP level 7. HP: 15/56 MP: 7/7
  4388 | D:5      | Reached skill level 5 in Throwing
  4477 | D:5      | Reached skill level 1 in Armour
  4811 | D:5      | Noticed Ijyb
  4830 | D:5      | Killed Ijyb
  4987 | D:5      | Noticed Blork the orc
  4996 | D:5      | Killed Blork the orc
  5065 | D:5      | Found Fedwah's Jewellery Shop.
  5129 | D:5      | Reached skill level 1 in Maces & Flails
  5475 | D:5      | Gained mutation: Spells you cast may paralyse adjacent
                  | enemies. [demonic ancestry]
  5475 | D:5      | Reached XP level 8. HP: 50/62 MP: 8/8
  5970 | D:6      | Noticed Pikel
  5984 | D:6      | Slain by Pikel

Illustrated notes

Levels and vault maps discovered:
D:1:      lemuel_arrival_cross, layout_basic, serial_shops,
          nicolae_shop_bloodbath_and_beyond, shop_statue,
          nicolae_shop_hallway_plus, shop, nicolae_lakefront_shop
D:2:      layout_rooms
D:3:      layout_rooms, makhleb_altar_promises_db,
          hellmonk_ecumenical_altar_pennies_from_heaven
D:4:      layout_basic, lemuel_temple_firewalk_b, uniq_sigmund
D:5:      layout_basic, serial_shops, kennysheep_mini_moat,
          hangedman_decor_opposing, uniq_blork_the_orc, uniq_ijyb, uniq_menkaure
D:6:      layout_basic, fedhas_altar_3, uniq_pikel
Temple:   nicolae_temple_ecumenical_triangle

Skill      XL: |  1  2  3  4  5  6  7  8 |
---------------+-------------------------+-----
Fighting       | 3 4 5 |  5.0
Short Blades   | 3 4 |  4.0
Dodging        | 4 |  4.0
Throwing       | 2 4 5 |  5.0
Armour         | 3 |  3.0
Maces & Flails | 1 3 |  3.3

Action                     |  1- 3 |  4- 6 |  7- 9 || total
---------------------------+-------+-------+-------++-------
  Melee: Rapier            |    65 |   223 |    86 ||   374
         Tailslap          |     7 |    29 |    19 ||    55
         Punch             |       |     3 |     1 ||     4
         Club              |       |       |    52 ||    52
  Throw: Javelin           |     1 |     1 |     2 ||     4
         Throwing net      |     1 |     3 |     1 ||     5
         Dart              |       |       |     7 ||     7
         Boomerang         |       |       |     1 ||     1
    Use: Scroll            |     5 |     5 |       ||    10
         Potion            |     1 |     4 |       ||     5
   Stab: Sleeping          |     3 |       |       ||     3
         Held in net/web   |       |     1 |     2 ||     3
         Distracted        |       |       |     1 ||     1
 Armour: Leather armour    |    12 |    89 |    19 ||   120
         Skin              |       |    43 |     2 ||    45
         Robe              |       |       |    10 ||    10
  Dodge: Dodged            |    36 |   165 |   101 ||   302

Table legend: (Time is in decaauts)
 A = Elapsed time spent in this place.
 B = Non-inter-level travel time spent in this place.
 C = Inter-level travel time spent in this place.
 D = Time resting spent in this place.
 E = Time spent auto-exploring this place.
 F = Levels seen in this place.
 G = Mean time per level.
                   A        B        C        D        E       F      G
               +--------+--------+--------+--------+--------+-----+--------+
         Total |   6015 |   5774 |    241 |   1529 |   3303 |   7 |  859.3 |
       Dungeon |   5971 |   5748 |    223 |   1529 |   3285 |   6 |  995.2 |
        Temple |     43 |     25 |     18 |      0 |     18 |   1 |   43.0 |
               +--------+--------+--------+--------+--------+-----+--------+

Top non-repeatable levels by time:
     D:5: 1476 daAuts
     D:2: 1343 daAuts
     D:4: 1127 daAuts
     D:1: 1013 daAuts
     D:3: 528 daAuts
     D:6: 481 daAuts
  Temple: 43 daAuts
